AoeStats
← Vilo41

Arena

509769108Analyzed
1v1 RM · 5d ago on Sep 28, 2026· 19m 46s· 2 players
Game mode
Random Map
Map size
Tiny (2 player)
Population
200
Speed
Normal
Resources
Standard
Victory
Conquest
Starting age
Dark Age
Ending age
Imperial Age
RankedLock teamsTeams togetherTeam positionsShared explorationLock speedFull tech treeHidden civsTurbo modeCheats
Victory
Defeat
🇺🇾 Goths · Uruguay
625
+18
🇻🇪 Vietnamese · Venezuela
671
-36
dr selalastra
6:58 Loom
11:07 Feudal Age
14:36 Town Watch
17:23 Castle Age
16:21 Double-Bit Axe
18:04 Wheelbarrow
Vilo41
10:58 Feudal Age
11:55 Double-Bit Axe
12:47 Wheelbarrow
12:01 Horse Collar
14:44 Man-at-Arms
16:59 Gold Mining
Connection lost

Rejoining the realm…

Still unreachable

The connection could not be restored.

Session expired

The server has moved on; the page needs a fresh start.